 Dungeon Crawl Stone Soup version 0.20.0 (webtiles) character file.

19989 ayylmao420 the Thaumaturge (level 12, -3/77 HPs)
             Began as an Octopode Conjurer on June 21, 2017.
             Was a High Priest of Vehumet.
             Killed from afar by a hell hound (14 damage)
             ... with a blast of flame
             ... in a volcano on June 22, 2017.
             The game lasted 01:11:08 (17375 turns).

ayylmao420 the Thaumaturge (Octopode Conjurer)     Turns: 17375, Time: 01:11:08

Health: -3/77      AC:  2    Str:  9    XL:     12   Next: 74%
Magic:  14/29      EV: 13    Int: 28    God:    Vehumet [*****.]
Gold:   659        SH:  5    Dex: 15    Spells: 22/37 levels left

rFire    . . .     SeeInvis +   J - +1 spear (venom)
rCold    . . .     Gourm    .   M - +0 buckler
rNeg     . . .     Faith    .   a - +0 hat of Bad Feelings {Int+3 Dex+3 Stlth+}
rPois    +         Spirit   .   Q - amulet of magic regeneration
rElec    .         Reflect  .   e - ring of poison resistance
rCorr    .         Harm     .   k - +1 ring of protection
MR       .....                  h - +4 ring of intelligence
Stlth    ++++......             I - ring of see invisible
Regen    0.3/turn               s - ring of flight
MPRegen  0.4/turn               (no ring)
                                (no ring)
                                (no ring)

@: no status effects
A: almost no armour, stealthy swim, amphibious, 8 rings, constrict 8, camouflage
1, gelatinous body 1
a: Renounce Religion, Evoke Flight


You were in a volcano.
You worshipped Vehumet.
Vehumet was extremely pleased with you.
You were not hungry.

You visited 3 branches of the dungeon, and saw 15 of its levels.
You also visited: Ossuary and Volcano.

You collected 798 gold pieces.
You spent 139 gold pieces at shops.

Inventory:

Hand Weapons
 o - a +2 whip of electrocution
 J - a +1 spear of venom (weapon)
Armour
 a - the +0 hat of Bad Feelings (worn) {Int+3 Dex+3 Stlth+}
   (You acquired it on level 1 of the Lair of Beasts)

   It affects your intelligence (+3).
   It affects your dexterity (+3).
   It makes you more stealthy.
 M - a +0 buckler (worn)
Jewellery
 e - a ring of poison resistance (left tentacle)
 h - a +4 ring of intelligence (on tentacle)
 k - a +1 ring of protection (right tentacle)
 s - a ring of flight (on tentacle)
 A - a +3 amulet of reflection
 C - an uncursed amulet of regeneration
 I - a ring of see invisible (on tentacle)
 Q - an amulet of magic regeneration (around mantle)
Wands
 B - a wand of disintegration (13/24)
 G - a wand of acid (8/15)
 L - a wand of polymorph (4/24)
 N - a wand of acid (5/15)
Scrolls
 c - a scroll of immolation {unknown}
 d - 3 scrolls of fear
 i - a scroll of enchant weapon {unknown}
 m - a scroll of amnesia
 r - 5 scrolls of teleportation
 w - 2 scrolls of magic mapping
 y - 7 scrolls of remove curse
 H - 2 scrolls of recharging {unknown}
 K - a scroll of fog
 P - a scroll of identify
Potions
 f - 4 potions of resistance
 g - 4 potions of brilliance
 l - a potion of invisibility
 n - a potion of lignification
 p - 3 potions of haste
 q - 12 potions of curing
 t - 3 potions of agility
 u - a potion of might
 v - 7 potions of flight
 z - a potion of cancellation
Books
 x - a book of Maledictions

   Spells                             Type                      Level
   a - Corona                         Hexes                        1
   b - Ensorcelled Hibernation        Hexes/Ice                    2
   c - Confuse                        Hexes                        3
   d - Tukima's Dance                 Hexes                        3
   e - Dazzling Spray                 Conjuration/Hexes            3
Comestibles
 b - 7 bread rations
 j - 4 royal jellies
 D - 21 fruits
 E - 4 chunks of flesh
 F - 7 meat rations


   Skills:
 - Level 5.6 Fighting
 - Level 2.0 Dodging
 - Level 2.6 Stealth
 - Level 5.1 Shields
 * Level 13.1 Spellcasting
 + Level 10.8 Conjurations
 + Level 7.8 Fire Magic


You had 22 spell levels left.
You knew the following spells:

 Your Spells              Type           Power        Failure   Level  Hunger
a - Magic Dart            Conj           ####         1%          1    None
b - Flame Tongue          Conj/Fire      #####        1%          1    None
c - Iskenderun's Mystic   Conj           ######..     1%          4    None
e - Bolt of Draining      Conj/Necr      #####.....   2%          5    ##.....
q - Force Lance           Conj/Tloc      #####...     1%          4    None


Dungeon Overview and Level Annotations

Branches:
Dungeon (10/15)            Temple (1/1) D:6            Lair (4/6) D:10
 Shoals (0/4) Lair:3       Spider (0/4) Lair:4          Orc (0/2) D:9

Altars:
Ashenzari
Cheibriados
Dithmenos
Elyvilon
Fedhas
Gozag
Hepliaklqana
Kikubaaqudgha
Makhleb
Nemelex Xobeh
Okawaru
Qazlal
Ru
Sif Muna
Trog
Uskayaw
Vehumet
Xom
Yredelemnul
Zin
The Shining One
Beogh

Shops:
D:8 [   D:9 [

Annotations:
D:3 1 exclusion
D:6 Geoffrax's ghost, novice DgHu
D:10 Fannar


Innate Abilities, Weirdness & Mutations

You cannot wear most types of armour.
You are very stealthy in the water. (Stealth+)
You are amphibious.
You can wear up to eight rings at the same time.
You can use your tentacles to constrict eight enemies at once.
Your skin changes colour to match your surroundings (Stealth+).
Your rubbery body absorbs attacks. (AC +1, EV +1)


Message History

The hell hound is moderately wounded.
The hell hog breathes fire at you.
The fireball explodes!
The fireball engulfs you!
* * * LOW HITPOINT WARNING * * *
The fireball engulfs the hell hog.
The hell hog resists.
As you read the scroll of fear, it crumbles to dust.
You assume a fearsome visage.
The hell hog is unaffected.
The hell hound is unaffected.
The hell hog misses you. The hell hog bites you!
* * * LOW HITPOINT WARNING * * *
You feel much better. The hell hog bites you!
* * * LOW HITPOINT WARNING * * *
Okay, then.
The hell hog bites you!
* * * LOW HITPOINT WARNING * * *
Okay, then.
You feel better. The hell hound breathes flames at you.
The blast of flame hits the hell hog.
The hell hog resists.
The blast of flame hits you!
You die...

.#........
###.....≈.≈§§
##....≈§§≈≈§≈§§ §
#....≈§≈§≈≈§§≈≈ §§
##....≈§§≈≈§§≈§ §≈≈
#....≈§§≈≈≈≈≈§≈§ ≈))≈
###....≈≈≈≈≈≈≈≈§ $!.†∩
###.......≈≈≈≈§≈
#!$.).##@.###..........
#hh### #####.##### ####
#####.## #.#∩#.#
##...### #§..§.#
#§§≈..≈§≈# ##≈§§§§§##
##§§§≈##


You could see a hell hog and a hell hound.

Vanquished Creatures
  Nergalle (D:10)
  Sonja (Lair:1)
  A merfolk siren (Lair:3)
  9 elephants
  2 centaur zombies
  Psyche (D:8)
  A spiny frog (Lair:3)
  A komodo dragon (Lair:3)
  A jumping spider (Lair:4)
  A hornet (D:9)
  A hippogriff (Lair:2)
  6 blink frogs (Lair:3)
  Grinder (D:6)
  Prince Ribbit (D:8)
  A spriggan (Lair:3)
  18 yaks
  Grum (D:8)
  3 basilisks
  A steam dragon (Volcano)
  3 hungry ghosts
  A soldier ant (D:10)
  7 water moccasins
  3 porcupines
  4 sky beasts
  2 orc warriors (D:9)
  3 ice beasts
  A black bear (D:10)
  A hornet zombie (D:6)
  2 phantoms
  A necrophage (D:8)
  7 wolves
  6 ogres
  2 centaurs (D:9)
  8 crocodiles
  3 big kobolds
  10 bullfrogs
  A wyvern zombie (D:10)
  2 water moccasin zombies (Ossuary)
  6 scorpions
  7 killer bees (D:7)
  6 howler monkeys
  9 wights
  4 crimson imps
  4 bullfrog zombies
  A quasit (D:8)
  Crazy Yiuf (D:6)
  7 orc priests
  6 hounds
  2 bullfrog skeletons
  2 centaur skeletons
  2 iguanas (D:7)
  4 orc wizards
  10 worker ants
  2 killer bee zombies
  5 big kobold zombies (Ossuary)
  2 mummies (Ossuary)
  A howler monkey zombie (D:7)
  15 adders
  2 gnolls (D:6)
  A shadow imp (D:8)
  An ooze (D:7)
  2 adder skeletons
  2 adder zombies
  2 dart slugs
  2 leopard geckos
  52 orcs
  4 giant cockroaches
  6 gnoll zombies
  14 goblins
  12 hobgoblins
  6 jackals
  20 kobolds
  3 quokkas
  5 ball pythons
  11 bats
  9 frilled lizards
  6 hobgoblin zombies (Ossuary)
  A jackal skeleton (D:5)
  4 kobold zombies (Ossuary)
  5 orc zombies (Ossuary)
  2 rats
387 creatures vanquished.

Vanquished Creatures (others)
  A hobgoblin zombie (Ossuary)
  5 fungi (D:10)
  21 plants
27 creatures vanquished.

Grand Total: 414 creatures vanquished

Notes
Turn   | Place    | Note
-------+----------+-------------------------------------------
     0 | D:1      | ayylmao420 the Octopode Conjurer began the quest for the Orb.
     0 | D:1      | Reached XP level 1. HP: 11/11 MP: 3/3
   237 | D:1      | Reached XP level 2. HP: 17/17 MP: 3/5
   703 | D:2      | Found a stormy altar of Qazlal.
   753 | D:2      | Found a bloodstained altar of Trog.
   814 | D:2      | Reached XP level 3. HP: 6/21 MP: 0/7
  1084 | D:2      | Reached skill level 3 in Spellcasting
  1212 | D:2      | Reached XP level 4. HP: 27/27 MP: 3/9
  1708 | D:3      | Reached skill level 4 in Spellcasting
  1712 | D:3      | Reached XP level 5. HP: 23/31 MP: 2/11
  1967 | D:3      | Found a radiant altar of Vehumet.
  1989 | D:3      | Became a worshipper of Vehumet
  2306 | D:3      | Reached skill level 5 in Conjurations
  2340 | D:3      | Reached XP level 6. HP: 24/36 MP: 10/13
  2429 | D:3      | Learned a level 4 spell: Iskenderun's Mystic Blast
  2729 | D:4      | Reached skill level 5 in Spellcasting
  2742 | D:4      | Found a sand-covered staircase.
  2747 | Ossuary  | Entered an ossuary
  2775 | Ossuary  | Reached * piety under Vehumet
  2775 | Ossuary  | Offered knowledge of Flame Tongue by Vehumet.
  3020 | Ossuary  | Reached XP level 7. HP: 25/41 MP: 7/15
  3385 | Ossuary  | Reached skill level 6 in Spellcasting
  3625 | D:4      | Learned a level 1 spell: Flame Tongue
  3645 | D:5      | Entered Level 5 of the Dungeon
  3819 | D:5      | Offered knowledge of Throw Frost by Vehumet.
  3840 | D:5      | Reached ** piety under Vehumet
  3916 | D:5      | Reached skill level 1 in Fighting
  3934 | D:5      | Found a shattered altar of Ashenzari.
  4226 | D:5      | Found a basalt altar of Yredelemnul.
  4398 | D:5      | Reached XP level 8. HP: 50/50 MP: 7/18
  4445 | D:5      | Found a shimmering altar of Xom.
  4540 | D:6      | Reached skill level 7 in Spellcasting
  4647 | D:5      | Learned a level 4 spell: Force Lance
  4693 | D:6      | Found a runed door.
  4697 | D:6      | Noticed Crazy Yiuf
  4699 | D:6      | Killed Crazy Yiuf
  5162 | D:6      | Noticed Grinder
  5166 | D:6      | Killed Grinder
  5673 | D:6      | Offered knowledge of Ignite Poison by Vehumet.
  5786 | D:6      | Found a staircase to the Ecumenical Temple.
  5790 | Temple   | Entered the Ecumenical Temple
  5992 | D:6      | Reached skill level 8 in Spellcasting
  6044 | D:6      | Reached *** piety under Vehumet
  6044 | D:6      | Reached XP level 9. HP: 50/57 MP: 10/21
  6222 | D:6      | Noticed Geoffrax's ghost (novice DgHu)
  6718 | D:7      | Offered knowledge of Sticky Flame by Vehumet.
  7011 | D:7      | Reached skill level 9 in Spellcasting
  7011 | D:7      | Reached skill level 1 in Fire Magic
  7382 | D:7      | Found a bloodstained altar of Trog.
  7840 | D:8      | Noticed Prince Ribbit
  7843 | D:8      | Killed Prince Ribbit
  7843 | D:8      | Reached skill level 5 in Fighting
  7936 | D:8      | Reached **** piety under Vehumet
  8072 | D:8      | Found Vyguyjy's Antique Armour Emporium.
  8129 | D:8      | Noticed Grum
  8143 | D:8      | Reached XP level 10. HP: 37/66 MP: 21/23
  8296 | D:8      | Killed Grum
  8424 | D:8      | Offered knowledge of Bolt of Draining by Vehumet.
  8442 | D:8      | Learned a level 5 spell: Bolt of Draining
  8572 | D:8      | Noticed Psyche
  8575 | D:8      | Killed Psyche
  8575 | D:8      | Reached skill level 10 in Spellcasting
  9073 | D:9      | Found Such's Antique Armour Shop.
  9080 | D:9      | Bought a buckler for 139 gold pieces
  9108 | D:9      | Found an iron altar of Okawaru.
  9189 | D:9      | Reached skill level 1 in Shields
  9671 | D:9      | Reached ***** piety under Vehumet
  9916 | D:9      | Found a roughly hewn altar of Beogh.
  9952 | D:9      | Offered knowledge of Irradiate by Vehumet.
  9978 | D:9      | Found a staircase to the Orcish Mines.
 10210 | D:10     | Entered Level 10 of the Dungeon
 10410 | D:10     | Noticed Fannar
 10442 | D:9      | Reached XP level 11. HP: 27/72 MP: 5/25
 10578 | D:9      | Reached skill level 5 in Fire Magic
 11073 | D:10     | Reached skill level 11 in Spellcasting
 11267 | D:10     | Noticed Nergalle
 12088 | D:10     | Killed Nergalle
 12088 | D:10     | Reached skill level 5 in Shields
 12848 | D:10     | Found a staircase to the Lair.
 13126 | Lair:1   | Entered Level 1 of the Lair of Beasts
 13805 | Lair:1   | Noticed Sonja
 13815 | Lair:1   | Killed Sonja
 14006 | Lair:1   | Identified a scroll of acquirement
 14007 | Lair:1   | Got a distressingly furry hat
 14013 | Lair:1   | Identified the +0 hat of Bad Feelings {Int+3 Dex+3 Stlth+} (You acquired it on level 1 of the Lair of Beasts)
 14648 | Lair:2   | Reached skill level 10 in Conjurations
 14695 | Lair:2   | Reached skill level 12 in Spellcasting
 14695 | Lair:2   | Reached XP level 12. HP: 61/77 MP: 6/28
 16674 | Lair:3   | Found a staircase to the Shoals.
 17166 | Lair:4   | Reached skill level 13 in Spellcasting
 17295 | Lair:4   | Found a hole to the Spider Nest.
 17343 | Lair:4   | Found a dark tunnel.
 17349 | Volcano  | Entered a volcano
 17367 | Volcano  | Noticed a hell hog
 17374 | Volcano  | HP: 1/77 [hell hog (17)]
 17375 | Volcano  | Killed from afar by a hell hound

Skill      XL: |  1  2  3  4  5  6  7  8  9 10 11 12 |
---------------+-------------------------------------+-----
Spellcasting   | 3 4 5 6 8 9 10 12 13 | 13.1
Conjurations   | 5 6 7 8 9 10 | 10.8
Fighting       | 2 3 5 |  5.6
Fire Magic     | 2 4 6 7 |  7.8
Shields        | 3 5 |  5.1
Dodging        | |  2.0
Stealth        | |  2.6

Action                   |  1- 3 |  4- 6 |  7- 9 | 10-12 || total
-------------------------+-------+-------+-------+-------++-------
Melee: Unarmed           |    10 |       |       |       ||    10
       Tentacles         |     7 |    19 |    28 |    19 ||    73
       Constrict         |    13 |    27 |    35 |    20 ||    95
       Dagger            |    36 |       |       |       ||    36
       Whip              |       |   123 |   133 |       ||   256
       Spear             |       |       |    15 |   136 ||   151
 Cast: Magic Dart        |    26 |    40 |   100 |    64 ||   230
       Iskenderun's Myst |       |     2 |    71 |   206 ||   279
       Bolt of Draining  |       |       |       |   112 ||   112
       Force Lance       |       |       |       |     1 ||     1
  Use: Scroll            |       |     6 |     6 |    16 ||    28
       Potion            |       |     2 |       |     3 ||     5
 Stab: Sleeping          |     3 |     7 |    13 |     3 ||    26
       Distracted        |       |     1 |       |       ||     1
  Eat: Chunk             |     1 |     4 |    18 |    37 ||    60
       Bread ration      |       |       |     1 |       ||     1
       Fruit             |       |       |       |     4 ||     4
Armor: Skin              |     4 |    12 |     7 |     9 ||    32
Dodge: Dodged            |    35 |    86 |    86 |   132 ||   339
Block: Buckler           |       |       |       |    17 ||    17
